Map: [ESL] Inside and Out

Players

gumiho

  • Race: Terran Terran
  • Spawn Location: 1:00

Neeb - Winner!

  • Race: Protoss Protoss
  • League: Master
  • Spawn Location: 7:00

Event: HomeStory Cup XXI

VOD

Have the link to the VOD?

Description

Time

  • Played on: July 23, 2022, 10:51 a.m.
  • Length: 8:28

All games in this series

Show
View Real Time Build Order
Export as new Build Order

gumiho Terran 

Build Orders:  

Get SALT Encoding   

  12  0:00  SCV  
  13  0:12  SCV  
  14  0:17  Supply Depot  
  14  0:24  SCV  
  15  0:38  SCV  
  15  0:40  Barracks  
  16  0:50  SCV  
  17  1:02  SCV  
  17  1:04  Refinery  
  18  1:14  SCV  
  19  1:21  Command Center  
  19  1:27  SCV, Marine  
  21  1:39  Orbital Command  
  21  1:45  Supply Depot  
  21  1:48  Marine  
  22  2:05  SCV  
  22  2:06  Marine  
  24  2:10  Factory  
  24  2:14  Refinery  
  24  2:17  SCV  
  25  2:25  Barracks Reactor  
  25  2:29  SCV  
  26  2:32  Orbital Command  
  26  2:36  Bunker  
  26  2:42  SCV  
  27  2:54  Hellion, SCV, Starport  
  30  2:59  SCV  
  30  3:00  Marine  
  30  3:01  Marine  
  33  3:06  SCV  
  34  3:15  Factory Tech Lab  
  34  3:18  Marine x2  
  36  3:23  SCV x2  
  38  3:28  Supply Depot  
  38  3:35  SCV x2  
  38  3:36  Marine x2  
  38  3:37  Raven  
  38  3:40  Barracks  
  38  3:41  Factory Tech Lab  
  44  3:47  SCV x2  
  46  3:48  Supply Depot  
  46  3:54  Marine x2  
  48  3:58  Engineering Bay  
  48  3:59  SCV  
  48  4:00  SCV  
  50  4:03  Barracks  
  50  4:06  Siege Tank  
  53  4:12  SCV  
  53  4:14  Marine  
  53  4:15  Supply Depot  
  53  4:16  Marine  
  56  4:20  SCV  
  57  4:24  Terran Infantry Weapons Level 1  
  57  4:27  SCV  
  58  4:32  Marine  
  58  4:34  Supply Depot  
  58  4:35  Refinery  
  58  4:36  Refinery, SCV  
  60  4:38  Stimpack  
  60  4:39  SCV  
  60  4:40  Marine  
  60  4:42  Marine  
  63  4:48  SCV  
  63  4:51  SCV  
  65  4:56  Supply Depot  
  65  4:57  Combat Shield  
  65  5:00  SCV, Marine x2  
  65  5:01  Marine x2  
  65  5:03  SCV, Factory Reactor  
  65  5:07  Starport Reactor  
  71  5:09  Supply Depot  
  71  5:12  SCV  
  67  5:15  SCV  
  67  5:18  Marine x2  
  67  5:20  Marine x2  
  71  5:24  SCV  
  71  5:26  Missile Turret  
  71  5:27  SCV  
  73  5:36  SCV  
  73  5:37  Marine x2  
  73  5:39  SCV  
  74  5:46  Medivac  
  74  5:48  SCV  
  74  5:49  Medivac  
  79  5:51  SCV  
  80  5:57  Supply Depot  
  80  6:01  SCV  
  80  6:02  Marine x2, Marauder x2  
  80  6:03  SCV  
  88  6:11  Supply Depot  
  88  6:13  SCV  
  88  6:16  SCV  
  88  6:20  Medivac x2  
  88  6:23  Marauder  
  88  6:25  SCV  
  95  6:28  SCV, Marine x2, Marauder  
  99  6:44  Marauder  
  99  6:46  SCV x2, Command Center  
  101  6:53  Barracks  
  101  6:54  Barracks  
  101  6:55  Medivac x2  
  101  7:00  Supply Depot  
  105  7:01  Supply Depot  
  105  7:07  Marauder x2  
  109  7:08  Marine  
  110  7:19  Marine  
  110  7:22  SCV x2  
  112  7:29  Marine  
  107  7:30  Marauder x2  
  103  7:37  Marine  
  103  7:43  Marine x2  
  96  7:47  Marine  
  96  7:50  Marine  
  96  7:51  Marine  
  97  7:55  Marine  
  85  8:01  Marine x2  
  85  8:05  Marine  
  70  8:08  Marine  
Show
View Real Time Build Order
Export as new Build Order

Neeb Protoss - Winner!

Build Orders: 1 Gate Expand, Colossus Rush 

Get SALT Encoding   

  12  0:00  Probe  
  13  0:12  Probe  
  14  0:16  Pylon  
  14  0:24  Probe (Chrono Boost)  
  15  0:36  Probe (Chrono Boost)  
  15  0:37  Gateway  
  16  0:44  Probe (Chrono Boost)  
  16  0:46  Assimilator  
  17  0:51  Probe  
  18  1:03  Probe  
  19  1:15  Probe  
  20  1:22  Nexus  
  20  1:32  Cybernetics Core  
  20  1:35  Probe  
  20  1:39  Assimilator  
  21  1:47  Probe  
  21  1:49  Pylon  
  22  1:59  Probe (Chrono Boost)  
  23  2:08  Warp Gate, Adept  
  26  2:09  Probe (Chrono Boost)  
  26  2:14  Probe (Chrono Boost)  
  26  2:21  Robotics Facility  
  27  2:26  Probe (Chrono Boost)  
  28  2:35  Probe (Chrono Boost)  
  28  2:36  Probe (Chrono Boost)  
  30  2:38  Adept  
  30  2:43  Probe (Chrono Boost)  
  34  2:44  Probe (Chrono Boost)  
  34  2:48  Probe (Chrono Boost)  
  35  2:52  Probe  
  35  2:56  Gateway  
  36  3:00  Probe  
  36  3:04  Probe  
  38  3:09  Observer (Chrono Boost), Robotics Bay  
  39  3:13  Pylon, Probe  
  39  3:16  Probe  
  41  3:25  Probe, Warp Prism (Chrono Boost)  
  44  3:30  Probe  
  44  3:33  Gateway  
  45  3:37  Probe  
  45  3:38  Assimilator  
  45  3:40  Assimilator  
  46  3:44  Probe  
  47  3:49  Probe  
  47  3:54  Disruptor (Chrono Boost), Pylon  
  48  3:57  Gravitic Drive  
  48  4:01  Probe x2  
  53  4:10  Pylon  
  53  4:11  Observer  
  53  4:13  Probe x2  
  53  4:14  Observer  
  53  4:15  Pylon  
  55  4:17  Stalker x2  
  55  4:20  Disruptor (Chrono Boost)  
  62  4:34  Shield Battery  
  62  4:41  Nexus  
  62  4:44  Pylon  
  62  4:46  Sentry  
  62  4:51  Colossus (Chrono Boost)  
  64  4:56  Observer  
  64  4:57  Probe  
  64  4:58  Probe  
  72  5:08  Twilight Council  
  72  5:09  Probe  
  72  5:10  Probe  
  74  5:21  Probe  
  74  5:22  Probe  
  74  5:24  Shield Battery  
  74  5:27  Pylon  
  76  5:29  Extended Thermal Lance  
  76  5:31  Observer  
  76  5:33  Probe  
  76  5:35  Charge  
  77  5:38  Colossus (Chrono Boost)  
  77  5:40  Probe  
  84  5:45  Probe  
  84  5:46  Gateway  
  84  5:49  Gateway  
  85  5:55  Probe  
  86  6:02  Probe  
  86  6:04  Probe  
  88  6:08  Templar Archives, Zealot x2  
  88  6:11  Gateway  
  92  6:17  Zealot  
  94  6:21  Pylon, Probe x2  
  94  6:22  Pylon, Probe  
  94  6:23  Colossus (Chrono Boost)  
  103  6:43  Zealot x5  
  113  6:48  Pylon x2  
  113  6:51  Forge  
  113  7:00  Probe  
  115  7:01  Probe  
  115  7:06  Zealot x3  
  115  7:07  Zealot x3  
  127  7:10  Gateway x2  
  127  7:13  Pylon  
  114  7:30  Zealot x6  
  114  7:31  Disruptor (Chrono Boost)  
  114  7:36  Probe  
  120  7:50  Zealot  
  120  7:51  Zealot x5  
  132  7:57  Robotics Facility  
Tags
 
Add a new tag
Caveats
  • Supply blocks, unpowered buildings, or Contaminate may cause inaccurate times.
  • Supply counts are checked every 10 seconds.